Map: Central Protocol

Players

Mykalzz

  • Race: Zerg Zerg
  • League: Platinum

Wellmet - Winner!

  • Race: Terran Terran
  • League: Master

VOD

Have the link to the VOD?

Description

Time

  • Played on: Nov. 15, 2015, 1:26 a.m.
  • Length: 6:17
Show
View Real Time Build Order
Export as new Build Order

Mykalzz Zerg 

Build Orders: Hatch First 

Get SALT Encoding   

  12  0:01  Drone  
  13  0:12  Overlord  
  13  0:17  Drone  
  14  0:30  Drone  
  14  0:31  Drone  
  16  0:38  Drone  
  17  0:58  Drone  
  17  0:59  Hatchery  
  17  1:16  Spawning Pool  
  17  1:18  Extractor  
  15  1:19  Drone  
  15  1:22  Drone  
  17  1:27  Drone  
  17  1:31  Drone  
  19  1:41  Drone  
  20  1:52  Overlord  
  20  2:03  Queen  
  22  2:15  Queen  
  24  2:35  Drone x2  
  26  2:37  Hatchery, Overlord  
  25  2:48  Queen  
  25  2:50  Drone  
  28  2:56  Drone x2  
  30  2:59  Drone  
  30  3:01  Drone  
  32  3:08  Queen  
  34  3:13  Overlord  
  34  3:15  Drone  
  34  3:18  Drone  
  36  3:36  Metabolic Boost  
  36  3:38  Drone x4  
  36  3:39  Drone  
  41  3:42  Zergling x2  
  42  3:49  Overlord x2  
  42  3:52  Drone  
  43  4:03  Zergling x6  
  43  4:06  Hatchery  
  45  4:13  Drone x5  
  50  4:22  Drone  
  50  4:23  Drone x4  
  55  4:24  Queen  
  55  4:31  Overlord  
  57  4:36  Zergling x4  
  59  4:40  Overlord  
  59  4:42  Zergling x2  
  59  4:43  Zergling x2  
  61  4:46  Extractor x2, Zergling x6  
  61  4:50  Extractor  
  61  4:52  Drone  
  62  4:54  Baneling Nest, Drone  
  62  4:57  Drone  
  62  4:58  Drone x3  
  67  5:07  Drone x2  
  67  5:12  Evolution Chamber, Drone  
  68  5:15  Drone  
  68  5:16  Drone  
  68  5:17  Lair  
  68  5:18  Evolution Chamber  
  69  5:22  Drone x5  
  74  5:33  Zergling x4  
  74  5:34  Zergling x4  
  77  5:37  Zergling x2  
  77  5:38  Zergling x2  
  79  5:45  Zergling x10  
  79  5:48  Zergling x4  
  86  5:54  Zergling x6  
Show
View Real Time Build Order
Export as new Build Order

Wellmet Terran - Winner!

Build Orders: MMM Bio 

Get SALT Encoding   

  12  0:01  SCV  
  13  0:13  SCV  
  14  0:17  Supply Depot  
  14  0:25  SCV  
  15  0:39  SCV  
  16  0:43  Barracks  
  16  0:51  SCV  
  17  1:03  SCV  
  18  1:16  SCV  
  19  1:19  Command Center  
  19  1:29  Orbital Command  
  19  1:32  Marine  
  20  1:39  Bunker  
  20  1:49  Marine  
  20  1:50  Supply Depot  
  21  1:58  SCV  
  21  2:01  Refinery  
  22  2:04  Refinery  
  22  2:07  Marine  
  23  2:19  SCV  
  24  2:24  Barracks  
  24  2:25  Marine  
  25  2:31  SCV  
  25  2:35  Orbital Command  
  26  2:43  SCV, Marine  
  28  2:56  SCV  
  28  2:58  Barracks  
  29  3:01  Barracks Reactor  
  29  3:03  SCV  
  30  3:12  SCV  
  31  3:13  Barracks Tech Lab  
  31  3:15  SCV  
  32  3:24  SCV  
  33  3:31  SCV  
  33  3:33  Stimpack, Marauder  
  36  3:36  SCV  
  36  3:41  Supply Depot  
  37  3:42  Marine x2  
  37  3:43  SCV  
  37  3:46  Barracks Tech Lab  
  40  3:49  SCV  
  40  3:54  Marauder  
  43  3:55  SCV  
  43  3:57  Factory  
  43  4:01  SCV, Marine  
  43  4:02  Marine  
  47  4:04  Combat Shields  
  47  4:08  Supply Depot  
  47  4:09  Marauder  
  49  4:12  SCV  
  50  4:19  Marauder  
  50  4:21  SCV  
  50  4:22  Marine  
  54  4:29  Marine  
  54  4:30  SCV  
  56  4:33  Marauder  
  56  4:36  SCV  
  56  4:37  Supply Depot  
  59  4:39  Refinery  
  59  4:42  SCV  
  59  4:43  Factory Reactor, Starport  
  60  4:46  Marauder  
  62  4:58  SCV, Marine x2  
  67  5:00  Marauder  
  67  5:02  Supply Depot  
  67  5:04  SCV  
  68  5:09  Supply Depot, Marauder  
  70  5:16  Barracks  
  70  5:21  Barracks  
  70  5:23  Marine x2  
  70  5:24  SCV, Marauder  
  70  5:25  Concussive Shells  
  70  5:27  Medivac  
  77  5:31  Refinery, Medivac  
  77  5:35  SCV  
  80  5:39  Marauder  
  80  5:40  Widow Mine  
  80  5:41  Supply Depot  
  84  5:45  Marine x2  
  89  6:09  Barracks Reactor  
  83  6:15  Barracks Reactor  
Tags
 
Add a new tag
Caveats
  • Supply blocks, unpowered buildings, or Contaminate may cause inaccurate times.
  • Supply counts are checked every 10 seconds.